 Dungeon Crawl Stone Soup version 0.28.0-53-g5a82cb258f (webtiles) character file.

Game seed: 9141853339866831587

349 Godmorgon the Cudgeller (level 6, 0/55 HPs)
             Began as a Minotaur Fighter on Aug 12, 2022.
             Slain by a hound (3 damage)
             ... on level 4 of the Dungeon.
             The game lasted 00:08:03 (2584 turns).

Godmorgon the Cudgeller (Minotaur Fighter)          Turns: 2584, Time: 00:08:04

Health: 0/55       AC:  3    Str: 23    XL:     6   Next: 33%
Magic:  5/5        EV:  9    Int:  5    God:
Gold:   116        SH:  9    Dex:  9    Spells: 5/5 levels left

rFire   . . .      SeeInvis .   a - +0 flail
rCold   . . .      Faith    .   c - +0 buckler
rNeg    . . .      Spirit   .   b - +0 scale mail
rPois   .          Reflect  +   (helmet restricted)
rElec   .          Harm     .   (no cloak)
rCorr   .          Rampage  .   (no gloves)
Will    .....                   (no boots)
Stlth   ..........              f - amulet of reflection
HPRegen 0.18/turn               (no ring)
MPRegen 0.09/turn               (no ring)

@: corroded
A: horns 2, retaliatory headbutt
a: no special abilities


You were on level 4 of the Dungeon.
You visited 1 branch of the dungeon, and saw 4 of its levels.

You collected 116 gold pieces.

Inventory:

Hand Weapons
 a - a +0 flail (weapon)
Armour
 b - a +0 scale mail (worn)
 c - a +0 buckler (worn)
Jewellery
 f - an amulet of reflection (around neck)
Scrolls
 g - 2 scrolls of identify {unknown}
 i - a scroll of enchant armour {unknown}
 j - a scroll of blinking {unknown}
 k - a scroll of noise {unknown}
 m - a scroll of vulnerability {unknown}
Potions
 d - a potion of curing {unknown}
 e - 2 potions of magic {unknown}
 h - 2 potions of attraction {unknown}
 l - 2 potions of might


   Skills:
 + Level 4.9 Fighting
 * Level 5.2 Maces & Flails
 + Level 1.6 Throwing
 + Level 4.9 Armour
 + Level 4.8 Shields


You had 5 spell levels left.
You didn't know any spells.
Your spell library was empty.

Dungeon Overview and Level Annotations

Branches:
Dungeon (4/15)
 Temple: D:4-7

Altars:
Gozag


Innate Abilities, Weirdness & Mutations

You have a pair of horns on your head.
You reflexively headbutt those who attack you in melee.


Message History

The jelly hits you. The acid corrodes you!
You are splashed with acid!
You hit the jelly.
Your hands burn!
You headbutt the jelly.
The jelly is moderately wounded.
The hound bites you. The jelly hits you but does no damage.
The hound closely misses you.
You sock the jelly!
You kill the jelly!
You block the hound's attack.
You closely miss the hound. You block the hound's attack. The hound bites you.
You hit the hound. Your headbutt misses the hound.
The hound is lightly wounded.
The hound bites you but does no damage. You block the hound's attack.
You hit the hound but do no damage. You headbutt the hound.
The hound is heavily wounded.
You block the hound's attack. The hound bites you.
You hit the hound but do no damage.
The hound is heavily wounded.
The hound bites you.
* * * LOW HITPOINT WARNING * * *
The hound bites you.
* * * LOW HITPOINT WARNING * * *
You barely miss the hound.
The hound is heavily wounded.
You block the hound's attack.
You hit the hound but do no damage. Your headbutt misses the hound.
The hound is heavily wounded.
The hound bites you.
* * * LOW HITPOINT WARNING * * *
You block the hound's attack.
You barely miss the hound. You headbutt the hound.
The hound is severely wounded.
The hound bites you.
* * * LOW HITPOINT WARNING * * *
The endoplasm jiggles.
The hound bites you.
* * * LOW HITPOINT WARNING * * *
You barely miss the hound. Your headbutt misses the hound.
The hound is severely wounded.
The hound bites you.
You die...

###....#
#.>..####.#
#†.........
#....####.##.
..#####.....)..J...
.......<..)#†...J..
..####.....#.......
#.##.##...)... #.
#@# ....... #. #h#
.......
#.....J.......$.
#......|.#######
#........#
#.........
#........##
#........#
#.........


You could see a hound and an endoplasm.

Vanquished Creatures
  Sigmund (D:2)
  A jelly (D:4)
  Jessica (D:2)
  4 adders
  3 dart slugs
  2 worms
  9 orcs (D:3)
  5 ball pythons
  4 bats
  6 endoplasms
  5 giant cockroaches
  6 goblins
  5 hobgoblins
  5 jackals
  9 kobolds
  A quokka (D:2)
  8 frilled lizards
  8 rats
83 creatures vanquished.

Notes
Turn   | Place    | Note
-------+----------+-------------------------------------------
     0 | D:1      | Godmorgon the Minotaur Fighter began the quest for the Orb.
     0 | D:1      | Reached XP level 1. HP: 19/19 MP: 0/0
   308 | D:1      | Reached XP level 2. HP: 27/27 MP: 1/1
   315 | D:1      | Found a faded altar of an unknown god.
   451 | D:1      | Reached skill level 3 in Maces & Flails
   837 | D:2      | Reached XP level 3. HP: 24/32 MP: 2/2
  1018 | D:2      | Noticed Jessica
  1023 | D:2      | Killed Jessica
  1024 | D:2      | Reached XP level 4. HP: 31/40 MP: 3/3
  1325 | D:2      | Reached skill level 4 in Maces & Flails
  1427 | D:2      | Noticed Sigmund
  1439 | D:2      | Killed Sigmund
  1440 | D:2      | Reached skill level 1 in Throwing
  1440 | D:2      | Reached XP level 5. HP: 46/47 MP: 4/4
  1563 | D:3      | Found an opulent altar of Gozag.
  1752 | D:3      | Reached XP level 6. HP: 53/53 MP: 5/5
  1946 | D:3      | Reached skill level 5 in Maces & Flails
  2584 | D:4      | Slain by a hound

Illustrated notes

Levels and vault maps discovered:
D:1:      lightli_arrival_boilingwater, layout_rooms,
          hellmonk_ecumenical_altar_lost_god, patterned_corridor
D:2:      layout_rooms, serial_glass, glass_columns_c, glass_columns_b,
          glass_columns_a, uniq_sigmund, uniq_jessica
D:3:      layout_loops_corners, old_standard_altar, dk_noncrumbling_4,
          nicolae_figureground_pulse
D:4:      layout_rooms, gammafunk_ghost_necromancy

Skill      XL: |  1  2  3  4  5  6 |
---------------+-------------------+-----
Maces & Flails | 3 4 5 |  5.2
Fighting       | 4 |  4.9
Armour         | 4 |  4.9
Shields        | 4 |  4.8
Throwing       | 1 |  1.6

Action                   |  1- 3 |  4- 6 || total
-------------------------+-------+-------++-------
Melee: Flail             |    75 |   104 ||   179
       Headbutt          |     5 |    17 ||    22
  Use: Potion            |       |     1 ||     1
Armor: Scale mail        |    22 |    29 ||    51
Dodge: Dodged            |    34 |    35 ||    69
Block: Buckler           |    25 |    60 ||    85
       Reflection        |       |     5 ||     5
